 Dungeon Crawl Stone Soup version 0.31-a0-1001-g770356a28f (webtiles) character file.

Game seed: 18061087303381866807

763 MacCMillion the Ruffian (level 7, -18/50 HPs)
             Began as an Octopode Shapeshifter on Nov 8, 2023.
             Demolished by an ogre
             ... wielding a +0 giant club
              (32 damage)
             ... on level 5 of the Dungeon.
             The game lasted 00:06:38 (4125 turns).

MacCMillion the Ruffian (Octopode Shapeshifter)     Turns: 4125, Time: 00:06:38

Health: -18/50     AC:  1    Str: 15    XL:     7   Next: 81%
Magic:  7/7        EV: 28    Int: 12    God:
Gold:   332        SH:  0    Dex: 12    Spells: 6/6 levels left

rFire   . .          .
                       - Unarmed
rCold   . . .        (no shield)
rNeg    . . .        (helmet currently unavailable)
rPois   .            r - amulet of the acrobat
rElec   .            q - ring of resist corrosion
rCorr   +            (no ring)
SInv    .            (no ring)
Will    .....        (no ring)
Stlth   +++          (no ring)
HPRegen 0.28/turn    (no ring)
MPRegen 0.10/turn    (no ring)
                     (no ring)

%: acrobat
@: beast-form, acrobatic
A: beast (slay +1), almost no armour, amphibious, 8 rings, camouflage 1,
gelatinous body 1, (nimble swimmer 1), tentacles
a: Begin Untransformation


You were on level 5 of the Dungeon.
You were a hulking beast.
You visited 1 branch of the dungeon, and saw 5 of its levels.
You also visited: Ossuary.

You collected 332 gold pieces.

Inventory:

Jewellery
 o - a ring of wizardry
 q - a ring of resist corrosion (left tentacle)
 r - an amulet of the acrobat (around mantle)
 y - an amulet of magic regeneration
 z - an amulet of regeneration
Talismans
 b - a beast talisman
 c - a flux talisman
Scrolls
 e - a scroll of vulnerability {unknown}
 f - a scroll of amnesia
 g - a scroll of silence
 i - 2 scrolls of fog
 l - a scroll of teleportation {unknown}
 n - 2 scrolls of poison {unknown}
 v - a scroll of fear {unknown}
 w - 3 scrolls of acquirement {unknown}
 x - a scroll of blinking {unknown}
Potions
 a - 3 potions of lignification
 d - a potion of might {unknown}
 h - 3 potions of brilliance
 j - 4 potions of curing
 k - 6 potions of heal wounds
 m - 2 potions of invisibility
 p - 2 potions of degeneration {unknown}
 s - 2 potions of enlightenment {unknown}
 t - 2 potions of resistance {unknown}
 u - a potion of magic {unknown}


   Skills:
 + Level 5.5 Fighting
 - Level 2.0 Dodging
 - Level 4.0 Stealth
 + Level 6.2 Unarmed Combat
 - Level 3.0 Shapeshifting


You had 6 spell levels left.
You didn't know any spells.
Your spell library was empty.

Dungeon Overview and Level Annotations

Branches:
Dungeon (5/15)            Ossuary (visited)
 Temple: D:4-7

Altars:
Fedhas
Nemelex Xobeh
Wu Jian
Xom


Innate Abilities, Weirdness & Mutations

You are a hulking beast.
Your limbs bulge with bestial killing power. (Slay +1)
You cannot wear most types of armour.
You are amphibious.
You can wear up to eight rings at the same time.
Your skin changes colour to match your surroundings (Stealth+).
Your rubbery body absorbs attacks. (AC +1, EV +1)
((You are camouflaged when in or above water. (Stealth+)))
You have tentacles for arms and can constrict up to eight enemies at once.


Message History

z - an amulet of regeneration
Things that are here:
a +0 whip; 11 stones; a kobold corpse You see here a +0 club.
Done exploring.
Done exploring.
Done exploring.
Done exploring.
No target in view!
Done exploring.
Done exploring.
There is a stone staircase leading down here.
You climb downwards.
There is a stone staircase leading up here.
An adder comes into view.
An adder is nearby!
An adder is nearby!
An ogre comes into view. It is wielding a +0 giant club.
Found a stone staircase leading up.
The helpless adder fails to defend itself.
You bludgeon the adder!
You kill the adder!
The ogre shouts!
No target in view!
You tentacle-slap the ogre.
The ogre is lightly wounded.
The ogre hits you with a +0 giant club!
You tentacle-slap the ogre. You squeeze the ogre.
The ogre is moderately wounded.
The ogre hits you with a +0 giant club.
You tentacle-slap the ogre. You squeeze the ogre.
The ogre is moderately wounded.
You tentacle-slap the ogre.
The ogre is heavily wounded.
The ogre hits you with a +0 giant club!!
* * * LOW HITPOINT WARNING * * *
The ogre attacks as it pursues you!
The ogre hits you with a +0 giant club!!
Ouch! That really hurt!
You die...

#<###
#...#
###.# #.#
#.# #.#
#.#
########.#
#.Oh.....#
#.########
#.# #.#
#.#
#######.#
........##
######†..#
#......#


You could see an ogre.

Vanquished Creatures
  An ogre (D:4)
  A scorpion (D:4)
  5 water moccasin zombies (Ossuary)
  A jelly (D:3)
  An orc priest (D:4)
  Natasha (D:2)
  An orc wizard (D:4)
  2 mummies (Ossuary)
  8 adders
  6 adder zombies (Ossuary)
  8 orcs
  9 ball pythons
  7 endoplasms
  2 giant cockroaches
  7 gnoll zombies (Ossuary)
  8 goblins
  8 hobgoblins
  11 jackals
  3 kobolds
  4 quokkas
  A bat (D:3)
  3 frilled lizards
  2 hobgoblin zombies (Ossuary)
  3 kobold zombies (Ossuary)
  8 orc zombies (Ossuary)
  6 rats
117 creatures vanquished.

Notes
Turn   | Place    | Note
-------+----------+-------------------------------------------
     0 | D:1      | MacCMillion the Octopode Shapeshifter began the quest for
                  | the Orb.
     0 | D:1      | Reached XP level 1. HP: 13/13 MP: 1/1
   261 | D:1      | Reached skill level 1 in Stealth
   290 | D:1      | Found a faded altar of an unknown god.
   301 | D:1      | Reached XP level 2. HP: 16/18 MP: 2/2
   780 | D:2      | Reached XP level 3. HP: 24/24 MP: 3/3
   965 | D:2      | Reached XP level 4. HP: 25/29 MP: 4/4
  1477 | D:2      | Noticed Natasha
  1494 | D:2      | Killed Natasha
  1495 | D:2      | Reached XP level 5. HP: 35/35 MP: 5/5
  2002 | D:3      | Reached skill level 4 in Unarmed Combat
  2326 | D:3      | Found a sparkling altar of Nemelex Xobeh.
  2610 | D:3      | Found a blossoming altar of Fedhas.
  2687 | D:4      | Found an ornate altar of the Wu Jian Council.
  2698 | D:4      | Reached XP level 6. HP: 18/42 MP: 6/6
  3017 | D:4      | Reached skill level 5 in Unarmed Combat
  3060 | D:4      | Found a sand-covered staircase.
  3064 | Ossuary  | Entered an ossuary
  3147 | Ossuary  | Reached XP level 7. HP: 35/49 MP: 7/7
  3276 | Ossuary  | Reached skill level 5 in Fighting
  3350 | Ossuary  | Reached skill level 6 in Unarmed Combat
  3815 | D:4      | Found a shimmering altar of Xom.
  4086 | D:5      | Entered Level 5 of the Dungeon
  4125 | D:5      | Demolished by an ogre

Illustrated notes

Levels and vault maps discovered:
D:1:      zelgadis_glass_arrival_small, layout_basic,
          shapermc_ecumenical_altar_starsandcircs
D:2:      layout_loops_corners, uniq_natasha
D:3:      layout_rooms, fedhas_altar_4, mainiacjoe_overflow_brackets
D:4:      layout_cave_pools, nicolae_overflow_hidden_temple, lemuel_tele_altar,
          enter_ossuary_5, minmay_misc_feat_pillars
D:5:      layout_loops_ring, serial_shops, shop

Skill      XL: |  1  2  3  4  5  6  7 |
---------------+----------------------+-----
Stealth        | 1 2 3 4 |  4.0
Fighting       | 2 3 4 5 |  5.5
Unarmed Combat | 4 5 6 |  6.2
Dodging        | |  2.0
Shapeshifting  | |  3.0

Action                     |  1- 3 |  4- 6 |  7- 9 || total
---------------------------+-------+-------+-------++-------
  Melee: Unarmed           |    46 |   147 |    64 ||   257
         Tentacles         |     6 |    40 |    21 ||    67
         Punch             |     4 |     8 |     2 ||    14
         Constrict         |     9 |    37 |    17 ||    63
    Use: Scroll            |       |       |     7 ||     7
   Stab: Sleeping          |     6 |    16 |     2 ||    24
         Distracted        |       |     1 |       ||     1
 Armour: Skin              |    13 |    48 |    30 ||    91
  Dodge: Dodged            |    19 |    71 |    18 ||   108

Table legend: (Time is in decaauts)
 A = Elapsed time spent in this place.
 B = Non-inter-level travel time spent in this place.
 C = Inter-level travel time spent in this place.
 D = Time resting spent in this place.
 E = Time spent auto-exploring this place.
 F = Levels seen in this place.
 G = Mean time per level.
                   A        B        C        D        E       F      G
               +--------+--------+--------+--------+--------+-----+--------+
         Total |   4101 |   3931 |    170 |    947 |   2071 |   6 |  683.5 |
       Dungeon |   3592 |   3422 |    170 |    689 |   2029 |   5 |  718.4 |
       Ossuary |    509 |    509 |      0 |    258 |     42 |   1 |  509.0 |
               +--------+--------+--------+--------+--------+-----+--------+

Top non-repeatable levels by time:
     D:2: 1339 daAuts
     D:4: 898 daAuts
     D:1: 743 daAuts
     D:3: 573 daAuts
 Ossuary: 509 daAuts
     D:5: 38 daAuts
